 Dungeon Crawl Stone Soup version 0.28.0 (webtiles) character file.

Game seed: 2607508022174399609

65 BeingJoeMalik the Firebug (level 4, 0/36 HPs)
             Began as a Naga Fire Elementalist on Feb 18, 2022.
             Slain by a goblin (2 damage)
             ... led by Robin
             ... on level 2 of the Dungeon.
             The game lasted 00:07:33 (1859 turns).

BeingJoeMalik the Firebug (Naga Fire Elementalist)  Turns: 1859, Time: 00:07:33

Health: 0/36       AC:  2    Str: 10    XL:     4   Next: 13%
Magic:  2/7        EV:  9    Int: 18    God:
Gold:   52         SH:  0    Dex: 11    Spells: 1/7 levels left

rFire   . . .      SeeInvis +   (no weapon)
rCold   . . .      Faith    .   (no shield)
rNeg    . . .      Spirit   .   a - +0 robe
rPois   +          Reflect  .   (no helmet)
rElec   .          Harm     .   (no cloak)
rCorr   .          Rampage  .   (no gloves)
Will    .....                   (no barding)
Stlth   ++........              (no amulet)
HPRegen 0.12/turn               (no ring)
MPRegen 0.10/turn               (no ring)

@: about to teleport, very slow
A: AC +1, large, see invisible, deformed body, poison resistance, slowness 2,
spit poison 1, naga tail 1
a: Spit Poison


You were on level 2 of the Dungeon.
You visited 1 branch of the dungeon, and saw 4 of its levels.

You collected 52 gold pieces.

Inventory:

Armour
 a - a +0 robe (worn)
Scrolls
 f - 2 scrolls of silence
Potions
 e - a potion of cancellation


   Skills:
 - Level 1.5 Dodging
 - Level 3.0 Stealth
 + Level 2.3 Spellcasting
 - Level 1.5 Conjurations
 + Level 4.4 Fire Magic


You had one spell level left.
You knew the following spells:

 Your Spells              Type           Power      Damage    Failure   Level
a - Foxfire               Conj/Fire      48%        2x1d6     4%          1
b - Scorch                Fire           36%        2d7       4%          2
c - Conjure Flame         Conj/Fire      12%        6-21      16%         3

Your spell library contained the following spells:

 Spells                   Type           Power      Damage    Failure   Level
 Inner Flame              Hex/Fire       10%        N/A       22%         3
 Flame Wave               Conj/Fire      12%        2d6       45%         4


Dungeon Overview and Level Annotations

Branches:
Dungeon (4/15)
 Temple: D:4-7

Altars:

Shops:
D:3 ?


Innate Abilities, Weirdness & Mutations

Your serpentine skin is tough. (AC +1)
You have supernaturally acute eyesight. (SInv)
Armour fits poorly on your strangely shaped body.
Your system is resistant to poisons. (rPois)
You cover ground very slowly.
You can spit poison.
You have a snake-like lower body.


Message History

The goblin hits you with a +0 dagger. The goblin closely misses you.
The goblin hits you with a +0 dagger of venom.
Robin hits you with a +0 spear.
* * * LOW HITPOINT WARNING * * *
Unknown command.
You hit Robin.
You kill Robin!
The goblin barely misses you. The goblin hits you with a +0 dagger.
* * * LOW HITPOINT WARNING * * *
The goblin barely misses you.
You have reached level 4!
You feel clever.
Unknown command.
You feel much better. The hobgoblin hits you. The goblin misses you.
The goblin hits you with a +0 club. The goblin closely misses you.
You closely miss the hobgoblin. The hobgoblin closely misses you.
The goblin closely misses you. The goblin hits you with a +0 club.
The goblin hits you with a +0 dagger of venom.
You barely miss the hobgoblin. The hobgoblin barely misses you.
The goblin barely misses you.
The goblin hits you but does no damage. x2
Unknown command.
You closely miss the hobgoblin.
You have got your breath back.
The hobgoblin hits you. The goblin hits you with a +0 dagger.
The goblin hits you with a +0 club.
* * * LOW HITPOINT WARNING * * *
The goblin hits you with a +0 dagger of venom.
* * * LOW HITPOINT WARNING * * *
As you read the scroll labelled TOMUSK ESHRAWK, it crumbles to dust.
The creatures around you are filled with an inner flame!
It was a scroll of immolation.
The hobgoblin hits you.
* * * LOW HITPOINT WARNING * * *
The goblin hits you with a +0 dagger.
* * * LOW HITPOINT WARNING * * *
The goblin barely misses you. The goblin closely misses you.
As you read the scroll labelled RIDOYR FOFU, it crumbles to dust.
You feel strangely unstable.
It was a scroll of teleportation.
The goblin no longer looks unusually strong. x2
The hobgoblin closely misses you. The goblin hits you with a +0 dagger.
You die...

#######.######.#.......##.#######
#.# #.#.......##........ #.#
#.#..............### #.#
#...................
##.######...................
#.......#...................
#.......+...................
#.......#.#gg####'###.......
#.......#.#@g# #.# ####....
#...[...#.##g## #.##########
#......gg)g.).# #.##.......#
#.......#.###.###.##........
#.......#.###..##...........
#............#.##.#.........
#............#.##.#...).....
##'#.###.....#.##.#....####. #g
#######.##.###### #.


You could see a hobgoblin (inner flame, strong) and 3 goblins.

Vanquished Creatures
  Robin (D:2)
  An adder (D:2)
  An endoplasm (D:1)
  2 giant cockroaches
  11 goblins
  4 hobgoblins
  2 quokkas (D:1)
  6 ball pythons
  3 bats (D:1)
  3 frilled lizards (D:2)
  5 kobolds
  2 rats
41 creatures vanquished.

Vanquished Creatures (others)
  81 foxfires
81 creatures vanquished.

Grand Total: 122 creatures vanquished

Notes
Turn   | Place    | Note
-------+----------+-------------------------------------------
     0 | D:1      | BeingJoeMalik the Naga Fire Elementalist began the quest
                  | for the Orb.
     0 | D:1      | Reached XP level 1. HP: 15/15 MP: 3/3
   276 | D:1      | Reached XP level 2. HP: 16/22 MP: 0/5
   279 | D:1      | Learned a level 2 spell: Scorch
   892 | D:1      | Found a faded altar of an unknown god.
   915 | D:1      | Reached XP level 3. HP: 28/28 MP: 4/6
  1250 | D:3      | Found Cuxaudem's Magic Scroll Shoppe.
  1390 | D:2      | Reached skill level 4 in Fire Magic
  1409 | D:2      | Learned a level 3 spell: Conjure Flame
  1720 | D:2      | Noticed Robin
  1853 | D:2      | Killed Robin
  1854 | D:2      | Reached XP level 4. HP: 6/36 MP: 1/7
  1858 | D:2      | HP: 1/36 [goblin[Robin] (6)]
  1859 | D:2      | Slain by a goblin

Illustrated notes

Levels and vault maps discovered:
D:1:      kilobyte_arrival_exit_the_forest, layout_basic,
          shapermc_ecumenical_altar_mp_highgroup, minmay_cut_off
D:2:      layout_basic, uniq_robin
D:3:      layout_basic, serial_shops, nicolae_square_shop
D:4:      layout_loops_ring, uniq_natasha

Skill      XL: |  1  2  3 |
---------------+----------+-----
Fire Magic     | 4 |  4.4
Dodging        | |  1.5
Stealth        | |  3.0
Spellcasting   | |  2.3
Conjurations   | |  1.5

Action                   |  1- 3 |  4- 6 || total
-------------------------+-------+-------++-------
Melee: Unarmed           |    16 |     3 ||    19
 Cast: Foxfire           |    49 |       ||    49
       Scorch            |     6 |       ||     6
 Abil: Spit Poison       |     9 |       ||     9
  Use: Scroll            |     3 |     2 ||     5
       Potion            |     2 |     1 ||     3
Armor: Robe              |    10 |     2 ||    12
Dodge: Dodged            |    21 |     9 ||    30
